 Dungeon Crawl Stone Soup version 0.28.0-53-g5a82cb258f (webtiles) character file.

Game seed: 2378338788567373971

3255 safid the Severer (level 10, -7/86 HPs)
             Began as a Hill Orc Fighter on Aug 5, 2022.
             Mangled by an orc warrior
             ... wielding a +0 glaive
              (13 damage)
             ... on level 9 of the Dungeon.
             The game lasted 00:11:44 (11074 turns).

safid the Severer (Hill Orc Fighter)               Turns: 11074, Time: 00:11:45

Health: -7/86      AC: 10    Str: 24    XL:     10   Next: 0%
Magic:  10/10      EV:  9    Int:  8    God:
Gold:   319        SH:  4    Dex: 10    Spells: 9/9 levels left

rFire   + + .      SeeInvis .   a - +0 war axe
rCold   x . .      Faith    .   c - +0 buckler
rNeg    . . .      Spirit   .   y - +0 fire dragon scales
rPois   .          Reflect  .   (no helmet)
rElec   .          Harm     .   (no cloak)
rCorr   +          Rampage  .   w - +0 pair of gloves
Will    .....                   (no boots)
Stlth   ..........              (no amulet)
HPRegen 0.24/turn               k - ring of resist corrosion
MPRegen 0.12/turn               (no ring)

@: mighty
A: no striking features
a: no special abilities


You were on level 9 of the Dungeon.
You visited 1 branch of the dungeon, and saw 9 of its levels.

You collected 427 gold pieces.
You spent 108 gold pieces at shops.

Inventory:

Hand Weapons
 a - a +0 war axe (weapon)
Missiles
 e - 19 poisoned darts (quivered)
Armour
 c - a +0 buckler (worn)
 w - a +0 pair of gloves (worn)
 y - +0 fire dragon scales (worn)
Jewellery
 k - a ring of resist corrosion (left hand)
Wands
 g - a wand of digging (8)
 q - a wand of mindburst (15)
 r - a wand of polymorph (18)
 s - a wand of flame (16)
Scrolls
 b - a scroll of identify
 h - a scroll of enchant weapon {unknown}
 j - 5 scrolls of teleportation
 p - 2 scrolls of silence
 v - a scroll of fear {unknown}
Potions
 f - a potion of degeneration {unknown}
 i - 2 potions of invisibility
 l - a potion of mutation {unknown}
 m - a potion of flight
 o - 2 potions of brilliance {unknown}
 t - 2 potions of lignification
 u - a potion of ambrosia {unknown}
 x - a potion of curing


   Skills:
 + Level 7.0 Fighting
 - Level 16.0 Axes
 - Level 4.0 Armour
 - Level 4.0 Shields


You had 9 spell levels left.
You didn't know any spells.
Your spell library contained the following spells:

 Spells                   Type           Power      Damage    Failure   Level
 Blink                    Tloc           0%         N/A       94%         2
 Ensorcelled Hibernation  Hex/Ice        0%         N/A       94%         2
 Confusing Touch          Hex            0%         N/A       99%         3
 Lesser Beckoning         Tloc           0%         N/A       99%         3
 Spider Form              Tmut/Pois      0%         N/A       99%         3
 Anguish                  Hex/Necr       0%         N/A       100%        4
 Manifold Assault         Tloc           0%         N/A       100%        5
 Yara's Violent Unravell  Hex/Tmut       0%         3d3       100%        5
 Enfeeble                 Hex            0%         N/A       100%        7
 Storm Form               Tmut/Air       0%         N/A       100%        7


Dungeon Overview and Level Annotations

Branches:
Dungeon (9/15)             Temple (0/1) D:4
   Lair: D:8-11         Orc: D:9-12

Altars:
Elyvilon
Qazlal
Ru
Uskayaw

Shops:
D:3 !   D:7 (   D:8 *

Annotations:
D:6 1 runed translucent door, WaxSun's ghost, novice DjCj
D:9 Erolcha


Message History

You slash the wight!
The wight is almost destroyed.
The orc warrior hits you from afar with a +0 glaive.
The wight hits you but does no damage.
Unknown command.
You feel very mighty all of a sudden.
The orc warrior hits you from afar with a +0 glaive.
The wight barely misses you.
An orc comes into view. It is wielding a +0 dagger.
Unknown command.
You hit the wight.
You destroy the wight!
The orc warrior hits you from afar with a +0 glaive.
Your Fighting skill increases to level 7!
You slice the orc!!
You kill the orc!
You have reached level 10!
You feel stronger.
You feel much better.
The orc warrior hits you from afar with a +0 glaive!
You closely miss Erolcha. You block the orc warrior's attack.
You slash Erolcha!
Erolcha is lightly wounded.
Erolcha barely misses you.
The orc warrior hits you from afar with a +0 glaive!
You slash Erolcha!
Erolcha is moderately wounded.
You block Erolcha's attack. You block the orc warrior's attack.
You closely miss Erolcha.
Erolcha is moderately wounded.
Erolcha completely misses you.
You closely miss Erolcha.
Erolcha is moderately wounded.
The orc warrior barely misses you.
You slash Erolcha!
Erolcha is heavily wounded.
Erolcha hits you with a +0 giant spiked club!!
* * * LOW HITPOINT WARNING * * *
The orc warrior hits you from afar with a +0 glaive!
You die...

... ..! ... ## .
#.# ..# #O## #.#
#..# .....##.#
..########
o......o####
...#....(
#.ooO@.##
#.#.....
#..###..#
#....... ....#
##.# #.......
#..## #.#
###.#..... #.
#.#####...#<....
..
#....##.########
. ####....#
####.# ...#


You could see Erolcha, an orc warrior and 2 orcs.

Vanquished Creatures
  5 yaks
  A water moccasin (D:7)
  A sky beast (D:7)
  2 necrophages
  2 ice beasts (D:7)
  2 centaurs
  A phantom (D:4)
  2 bullfrogs
  4 scorpions
  A wyvern zombie (D:5)
  4 wights
  3 howler monkeys (D:7)
  2 centaur zombies
  4 hounds
  A jelly (D:8)
  A bullfrog skeleton (D:3)
  A bullfrog zombie (D:6)
  A gnoll shaman (D:7)
  Terence (D:2)
  5 iguanas
  3 orc wizards
  A hound zombie (D:5)
  7 gnolls
  4 adders
  2 white imps (D:6)
  An ufetubus (D:6)
  3 dart slugs
  7 orcs
  4 endoplasms
  2 giant cockroaches
  4 goblins
  6 hobgoblins
  9 jackals
  7 kobolds
  5 quokkas
  8 ball pythons
  9 bats
  3 frilled lizards (D:1)
  7 rats
136 creatures vanquished.

Vanquished Creatures (others)
  2 fungi (D:1)
  9 plants
11 creatures vanquished.

Grand Total: 147 creatures vanquished

Notes
Turn   | Place    | Note
-------+----------+-------------------------------------------
     0 | D:1      | safid the Hill Orc Fighter began the quest for the Orb.
     0 | D:1      | Reached XP level 1. HP: 19/19 MP: 1/1
    85 | D:1      | Reached XP level 2. HP: 16/27 MP: 2/2
   231 | D:1      | Reached skill level 3 in Axes
   438 | D:1      | Found a faded altar of an unknown god.
   462 | D:1      | Reached XP level 3. HP: 20/33 MP: 3/3
  1154 | D:2      | Reached XP level 4. HP: 39/40 MP: 4/4
  1226 | D:2      | Noticed Terence
  1240 | D:2      | Killed Terence
  1241 | D:2      | Reached skill level 4 in Axes
  2013 | D:2      | Reached skill level 5 in Axes
  2275 | D:3      | Reached XP level 5. HP: 35/46 MP: 5/5
  2355 | D:3      | Found Tibbuc's Distillery.
  2364 | D:3      | Bought a potion of flight for 33 gold pieces
  2364 | D:3      | Bought a potion of curing for 33 gold pieces
  2636 | D:3      | Reached skill level 6 in Axes
  3007 | D:3      | Found a hide-covered altar of Uskayaw.
  3010 | D:3      | Found a stormy altar of Qazlal.
  3508 | D:4      | Reached skill level 7 in Axes
  3508 | D:4      | Reached XP level 6. HP: 9/52 MP: 6/6
  3775 | D:4      | Noticed a yak
  3777 | D:4      | Noticed a yak
  3820 | D:3      | Killed a yak
  3821 | D:3      | Reached skill level 8 in Axes
  4066 | D:4      | Killed a yak
  4067 | D:4      | Reached skill level 9 in Axes
  4067 | D:4      | Reached XP level 7. HP: 14/59 MP: 7/7
  4344 | D:4      | Noticed a yak
  4344 | D:4      | Noticed a yak
  4345 | D:4      | Noticed a yak
  4376 | D:3      | Killed a yak
  4377 | D:3      | Reached skill level 10 in Axes
  4572 | D:3      | Killed a yak
  4726 | D:4      | Killed a yak
  4727 | D:4      | Reached skill level 11 in Axes
  4727 | D:4      | Reached XP level 8. HP: 27/66 MP: 8/8
  4964 | D:4      | Found a staircase to the Ecumenical Temple.
  5064 | D:4      | Found a white marble altar of Elyvilon.
  5133 | D:4      | Found a sacrificial altar of Ru.
  5235 | D:4      | Reached skill level 12 in Axes
  5469 | D:5      | Entered Level 5 of the Dungeon
  6632 | D:6      | Reached skill level 13 in Axes
  6853 | D:6      | Noticed a boulder beetle
  6854 | D:6      | Found a runed translucent door.
  6854 | D:6      | Noticed WaxSun's ghost (novice DjCj)
  7313 | D:6      | Reached XP level 9. HP: 49/71 MP: 9/9
  7318 | D:6      | Reached skill level 14 in Axes
  8960 | D:7      | Reached skill level 15 in Axes
  9619 | D:7      | Found Huvy's Weapon Emporium.
 10025 | D:8      | Reached skill level 16 in Axes
 10144 | D:8      | Found Teneh's Changing Room.
 10159 | D:8      | Bought a potion of lignification for 42 gold pieces
 10463 | D:8      | Noticed a komodo dragon
 10463 | D:8      | Noticed a catoblepas
 10470 | D:8      | Identified the ring "Vionk" {rElec rF+ rC+ Will++ Int+3}
 10486 | D:8      | Noticed a two-headed ogre
 10494 | D:8      | HP: 1/75 [something (7)]
 11053 | D:9      | Noticed Erolcha
 11068 | D:9      | Reached XP level 10. HP: 36/86 MP: 10/10
 11074 | D:9      | Mangled by an orc warrior

Illustrated notes

Levels and vault maps discovered:
D:1:      minmay_arrival_split_and_join, layout_rooms,
          shapermc_ecumenical_altar_mp_ritualfount, chequers_arboretum,
          columned_hall_lemuel
D:2:      layout_loops_corners, eino_tiny_chamber, serial_bayou_pond_c,
          uniq_terence
D:3:      layout_rooms, nicolae_overflow_squiral, serial_shops,
          nicolae_shop_crystal, chequers_serial_rivers_micro_b
D:4:      layout_basic, kennysheep_little_box, amcnicky_altar_gilded,
          minmay_temple_entry_large_hall, minmay_misc_feat_room
D:5:      layout_loops_corners
D:6:      layout_layer_cave, ebering_ghost_inner_flame
D:7:      layout_loops_corners, kennysheep_small_square
D:8:      layout_loops_ring, dk_noncrumbling_2, serial_park_tiny_2,
          nicolae_transmutations_shop, minmay_diamond_spiral
D:9:      layout_rooms, uniq_erolcha

Skill      XL: |  1  2  3  4  5  6  7  8  9 |
---------------+----------------------------+-----
Axes           | 3 5 7 9 11 13 16 | 16.0
Fighting       | 4 7 |  7.0
Armour         | 4 |  4.0
Shields        | 4 |  4.0

Action                   |  1- 3 |  4- 6 |  7- 9 | 10-12 || total
-------------------------+-------+-------+-------+-------++-------
Melee: War axe           |    87 |   123 |   282 |     6 ||   498
Throw: Dart              |       |     7 |     4 |       ||    11
  Use: Potion            |       |     1 |     3 |     1 ||     5
       Scroll            |       |       |     7 |       ||     7
Armor: Scale mail        |    56 |    45 |    80 |       ||   181
       Fire dragon scale |       |       |     3 |       ||     3
Dodge: Dodged            |    48 |    44 |   101 |     3 ||   196
Block: Buckler           |    22 |    31 |    48 |     3 ||   104
